cohdb
Replays
Latest Replays
All Replays
Popular Replays
Top Player Replays
Match Explorer
How It Works
Community
CoH3 Stats
Reddit
Sign in to upload your games and track your stats! →
Sign in with Steam
Match 41208612
Unlisted
Match 41208612
Overview
Messages
Build Orders
End
Kradschützen Motorcycle Team
Panzergrenadier Squad
Panzerpioneer Squad
Construct Light Support Kompanie
MG34 Team
Panzerjäger Squad
Fire Support Elements
le.IG 18 Support Gun Team
le.IG 18 Mechanized Group
Selects Panzerjäger Kommand Battlegroup
Selects Tank Busters
Selects Mine Fields
Panzerjäger Squad
250 Light Carrier
Construct Panzerarmee Kommand
2.5-tonne Medical Truck
Selects Early Warning
Selects Butterfly Bomb Drop
Butterfly Bomb Drop
Panzerpioneer Squad
Early Warning
Walking Stuka Rocket Launcher
Kradschützen Motorcycle Team
Butterfly Bomb Drop
[HAN]Diederick Kastner
For The Children™
Silver
ravxn
Arnie
Maniax
김문상
I Was Made for Lovin’ You
0
0
Comments
sign in to comment!
No comments posted yet!